 Dungeon Crawl Stone Soup version 0.14.0-26-g1682e81 (webtiles) character file.

99 Aelig the Chiller (level 3, -6/21 HPs)
             Began as an Octopode Ice Elementalist on Apr 25, 2014.
             Killed from afar by Terence (10 damage)
             ... with a wand of flame
             ... on Level 2 of the Dungeon.
             The game lasted 00:02:50 (1085 turns).

Aelig the Chiller (Octopode Ice Elementalist)       Turns: 1085, Time: 00:02:51

HP  -6/21        AC  1     Str  7      XL: 3   Next:  2%
MP   6/6         EV 12     Int 18      God:
Gold 75          SH  0     Dex 12      Spells:  1 memorised,  5 levels left

rFire  . . .     SeeInvis .     (no weapon)
rCold  . . .     Clarity  .     (no shield)
rNeg   . . .     Conserve .     (helmet restricted)
rPois  .         rCorr    .     (no amulet)
rElec  .         rRot     .     (no ring)
SustAb . .       Spirit   .     (no ring)
rMut   .         Warding  .     (no ring)
Saprov . . .     Stasis   .     (no ring)
MR     .....                    (no ring)
                                (no ring)
                                (no ring)
                                (no ring)

@: not resistant to hostile enchantments, quite stealthy
A: almost no armour, amphibious, 8 rings, constrict 8, camouflage 1, gelatinous
body 1
a: no special abilities


You were on level 2 of the Dungeon.
You were not hungry.

You visited 1 branch of the dungeon, and saw 2 of its levels.

You collected 75 gold pieces.

Inventory:

Comestibles
 c - 2 bread rations
 f - a choko
 o - a chunk of hobgoblin flesh
 p - a chunk of rat flesh
Scrolls
 h - 2 scrolls of recharging {unknown}
 i - a scroll of amnesia {unknown}
 k - a scroll of teleportation {unknown}
 l - 2 scrolls of fog {unknown}
 m - 2 scrolls of identify {unknown}
 n - a scroll of noise {unknown}
Jewellery
 j - an uncursed amulet of rage {unknown}
Potions
 a - a potion of haste {unknown}
 d - 3 potions of curing {unknown}
 q - a potion of heal wounds {unknown}
Books
 b - a book of Frost

   Spells                             Type                      Level
   *Freeze                            Ice                          1
   Throw Frost                        Conjuration/Ice              2
   Ozocubu's Armour                   Charms/Ice                   3
   Throw Icicle                       Conjuration/Ice              4
   Summon Ice Beast                   Ice/Summoning                4
   Condensation Shield                Ice                          4


   Skills:
 - Level 2.0 Dodging
 - Level 2.6 Stealth
 - Level 2.0 Spellcasting
   Level 1.0 Conjurations
 + Level 4.1 Ice Magic


You had 5 spell levels left.
You knew the following spells:

 Your Spells              Type           Power        Failure   Level  Hunger
a - Freeze                Ice            ###.         3%          1    #......


Dungeon Overview and Level Annotations

Branches:
Dungeon (2/15)

Altars:

Annotations:
D:2 Terence


Innate Abilities, Weirdness & Mutations

You cannot wear most types of armour.
You are amphibious.
You can wear up to eight rings at the same time.
You can use your tentacles to constrict many enemies at once.
Your skin changes colour to match your surroundings (Stlth).
Your rubbery body absorbs attacks (AC +1).


Message History

You see here a rat corpse.
You start butchering the rat corpse.
You continue butchering the corpse.
You continue butchering the corpse. x2
You finish butchering the rat corpse.
p - a chunk of rat flesh
Found an escape hatch in the ceiling.
There is an escape hatch in the ceiling here.
Found a stone staircase leading down.
q - a murky orange potion Terence comes into view.
He is wielding a flail.
Found two items.
Terence zaps a wand.
The puff of flame hits you!
Terence zaps a wand.
The puff of flame misses you.
Terence zaps a wand.
The puff of flame hits you!
Your scroll labeled GAUDGHEUST catches fire!
One of your 3 scrolls labeled BREENO MESEVIA catches fire!
* * * LOW HITPOINT WARNING * * *
Terence zaps a wand.
The puff of flame hits you!
Your scroll labeled THIXIA BIONNO catches fire!
You die...

########### #..........
#####################.#.......#
.........<......@.............#
#####################.#@......#
#.#.......# #.#..!.>..#
#.#.......# #.#.@!....#
#.#....... #.#...... #.####.#


You could see Terence.

Vanquished Creatures
  A giant gecko (D:1)
  An ooze (D:2)
  2 giant cockroaches
  3 goblins
  4 hobgoblins
  3 bats (D:1)
  2 kobolds (D:1)
  4 rats
20 creatures vanquished.

Notes
Turn   | Place    | Note
--------------------------------------------------------------
     0 | D:1      | Aelig, the Octopode Ice Elementalist, began the quest for the Orb.
     0 | D:1      | Reached XP level 1. HP: 11/11 MP: 3/3
   334 | D:1      | Reached XP level 2. HP: 17/17 MP: 4/4
   865 | D:2      | Reached skill level 4 in Ice Magic
  1005 | D:2      | Reached XP level 3. HP: 21/21 MP: 4/6
  1077 | D:2      | Noticed Terence
  1085 | D:2      | Killed from afar by Terence

Action                   || total
-------------------------++-------
Melee: Unarmed           ||    37
 Cast: Freeze            ||    19
 Stab: Sleeping          ||     4
